 Dungeon Crawl Stone Soup version 0.20.0-8-g6b59dc7 (webtiles) character file.

9854 Chiseanne the Fighter (level 11, -4/89 HPs)
             Began as a Demonspawn Wanderer on May 31, 2017.
             Was an Initiate of Gozag.
             Slain by Darkell's ghost (7 damage)
             ... on level 10 of the Dungeon.
             The game lasted 00:31:14 (10266 turns).

Chiseanne the Fighter (Demonspawn Wanderer)        Turns: 10266, Time: 00:31:15

Health: -4/89      AC:  7    Str: 15    XL:     11   Next: 28%
Magic:  23/23      EV: 27    Int: 12    God:    Gozag
Gold:   542        SH:  0    Dex: 25    Spells: 22/26 levels left

rFire    + . .     SeeInvis .   v - +9 short sword of Kismet {flame, Fragile rPois Str-4 Dex+10}
rCold    + . .     Gourm    .   (no shield)
rNeg     + . .     Faith    .   B - +2 leather armour of Ysuak {rPois rN+ Str+4}
rPois    +         Spirit   .   (no helmet)
rElec    .         Reflect  .   F - scarf {rC+ rF+}
rCorr    .         Harm     .   (no gloves)
MR       +....                  n - +1 pair of boots
Stlth    ++........             t - amulet of regeneration
Regen    0.7/turn               l - ring of protection from magic
MPRegen  0.2/turn               k - +6 ring of evasion

@: lethally poisoned (-4 -> -4), gold aura
A: powered by death 2, rot immunity, sturdy frame 2
a: Potion Petition, Call Merchant, Bribe Branch, Renounce Religion


You were on level 10 of the Dungeon.
You worshipped Gozag.
Gozag was pleased with you.
You were not hungry.

You visited 2 branches of the dungeon, and saw 12 of its levels.

You collected 1452 gold pieces.
You spent 866 gold pieces at shops.
You paid 44 gold pieces to Gozag.

Inventory:

Hand Weapons
 a - a +2 mace of crushing
 s - a +1 broad axe
 v - the +9 short sword of Kismet (weapon) {flame, Fragile rPois Str-4 Dex+10}
   (You bought it in a shop on level 8 of the Dungeon)

   It has been specially enchanted to burn those struck by it, causing extra
   injury to most foes and up to half again as much damage against particularly
   susceptible opponents.
   It affects your strength (-4).
   It affects your dexterity (+10).
   It protects you from poison.
   It will be destroyed if unequipped.
 L - a +0 blowgun
Missiles
 e - 193 arrows
 f - 45 poisoned needles
 g - 250 stones
 r - 4 tomahawks
 H - 77 sling bullets
 J - 69 bolts
 O - a javelin (quivered)
Armour
 n - a +1 pair of boots (worn)
 B - the +2 leather armour of Ysuak (worn) {rPois rN+ Str+4}
   (You found it on level 4 of the Dungeon)

   It affects your strength (+4).
   It protects you from poison.
   It protects you from negative energy.
 F - a scarf of resistance (worn)
Jewellery
 k - a +6 ring of evasion (right hand)
 l - a ring of protection from magic (left hand)
 t - an amulet of regeneration (around neck)
 u - an uncursed ring of poison resistance
 w - an uncursed ring of resist corrosion
Scrolls
 b - 2 scrolls of amnesia
 j - 4 scrolls of remove curse
 q - 3 scrolls of recharging
 A - 2 scrolls of teleportation
 D - 2 scrolls of immolation
 N - a scroll of enchant weapon
Potions
 i - a potion of haste
 m - a potion of cancellation {unknown}
 p - 2 potions of heal wounds
 z - 4 potions of curing
 C - a potion of magic {unknown}
 G - a potion of brilliance
 I - a potion of flight
 K - 4 potions of lignification
Books
 o - a book of Geomancy

   Spells                             Type                      Level
   a - Sandblast                      Earth                        1
   b - Passwall                       Transmutation/Earth          2
   c - Stone Arrow                    Conjuration/Earth            3
   d - Petrify                        Transmutation/Earth          4
   e - Lee's Rapid Deconstruction     Earth                        5
 y - a book of Minor Magic

   Spells                             Type                      Level
   a - Magic Dart                     Conjuration                  1
   b - Blink                          Translocation                2
   c - Call Imp                       Summoning                    2
   d - Slow                           Hexes                        2
   e - Conjure Flame                  Conjuration/Fire             3
   f - Mephitic Cloud                 Conjuration/Poison/Air       3
 E - a book of Power

   Spells                             Type                      Level
   a - Iskenderun's Battlesphere      Conjuration/Charms           5
   b - Venom Bolt                     Conjuration/Poison           5
   c - Bolt of Magma                  Conjuration/Fire/Earth       5
   d - Iron Shot                      Conjuration/Earth            6
   e - Orb of Destruction             Conjuration                  7
   f - Spellforged Servitor           Conjuration/Summoning        7
Comestibles
 c - 5 meat rations
 d - 5 bread rations
 h - 3 fruits


   Skills:
 * Level 9.6 Fighting
 - Level 1.0 Maces & Flails
 - Level 1.0 Throwing
 - Level 3.9 Armour
 * Level 8.7 Dodging
 * Level 8.1 Spellcasting
 - Level 6.6 Translocations
   Level 1.0 Evocations


You had 22 spell levels left.
You knew the following spells:

 Your Spells              Type           Power        Failure   Level  Hunger
a - Blink                 Tloc           N/A          1%          2    #......
b - Shroud of Golubria    Chrm/Tloc      ##........   5%          2    #......


Dungeon Overview and Level Annotations

Branches:
Dungeon (11/15)            Temple (1/1) D:4
   Lair: D:8-11         Orc: D:9-12

Altars:
Cheibriados
Elyvilon
Fedhas
Gozag
Makhleb
Okawaru
Ru
Sif Muna
Trog
Yredelemnul
Zin
The Shining One

Shops:
D:8 =!!(

Annotations:
D:10 Darkell's ghost, novice TeGl


Innate Abilities, Weirdness & Mutations

You regenerate health from kills.
You are immune to rotting.
Your movements are less encumbered by armour. (ER -4)


Message History

You miss the hornet.
The hornet is severely wounded.
You feel sick. The hornet closely misses you. Darkell's ghost hits you.
You hit the hornet. You burn the hornet.
The hornet is almost dead.
The hornet completely misses you. Darkell's ghost barely misses you.
The hornet closely misses you.
You closely miss the hornet.
The hornet is almost dead.
You feel sick. The hornet closely misses you. Darkell's ghost hits you!
* * * LOW HITPOINT WARNING * * *
You are electrocuted!
* * * LOW HITPOINT WARNING * * *
You hit the hornet. You burn the hornet.
You kill the hornet!
Darkell's ghost hits you!
* * * LOW HITPOINT WARNING * * *
Darkell's ghost hits you!
You die...
Your body crumbles into a pile of gold.

.# .# ####### .# #.....# .#
#.###.# ######### .# #.# #.#
#.......# .####.###.# #.#####.#
..........##############.#...#.#
................>W.......#.#.#.#
..........#.####@#########.#.#.#
......###.#.# #.# #.#.#.#
#########.#.####.## ######.#.#.#
..................###...)..#.#.#
#########.#.####...##.######.#.#
..........#.# #.#.##.#....#.#.#
.##########.# #.#..#.#....#.#.##
.##### #.####.##.#.#..#.......
.#...# #.#......#####...#.#.##


You could see Darkell's ghost.

Vanquished Creatures
  Erolcha (D:9)
  3 two-headed ogres
  2 ugly things
  Joseph (D:10)
  Psyche (D:8)
  The ghost of Turtleman12345 the Thaumaturge, a novice DEWz (D:6)
  A hippogriff (D:10)
  2 hornets (D:10)
  6 yaks
  3 wyverns (D:10)
  Grum (D:11)
  A steam dragon (D:11)
  3 sky beasts
  4 orc warriors
  A hornet zombie (D:10)
  A necrophage (D:8)
  An eye of draining (D:11)
  3 ogres
  4 centaurs
  A crocodile (D:11)
  2 wolves (D:11)
  A big kobold (D:8)
  6 bullfrogs
  A water moccasin zombie (D:6)
  A scorpion (D:8)
  2 howler monkeys
  A quasit (D:6)
  6 crimson imps
  4 hounds
  A centaur zombie (D:9)
  A centaur skeleton (D:9)
  2 jellies
  6 orc priests
  2 iguanas
  6 orc wizards
  4 worker ants
  12 adders
  2 shadow imps
  An adder zombie (D:5)
  An adder skeleton (D:8)
  A worm (D:4)
  4 dart slugs
  4 leopard geckos
  27 orcs
  3 bats
  2 giant cockroaches
  6 goblins
  5 hobgoblins
  2 jackals (D:10)
  10 kobolds
  2 quokkas
  3 ball pythons
  4 frilled lizards
  A leopard gecko skeleton (D:4)
  A quokka skeleton (D:4)
  A quokka zombie (D:6)
  2 rats (D:1)
181 creatures vanquished.

Notes
Turn   | Place    | Note
-------+----------+-------------------------------------------
     0 | D:1      | Chiseanne the Demonspawn Wanderer began the quest for the Orb.
     0 | D:1      | Chiseanne set off with: a +2 mace, a +0 ring mail, the Volume of Dislocation, a bread ration
     0 | D:1      | Reached XP level 1. HP: 16/16 MP: 3/3
     0 | D:1      | Identified the Volume of Dislocation
    17 | D:1      | Noticed an electric eel
   107 | D:1      | Gained mutation: You are immune to rotting. [demonic ancestry]
   107 | D:1      | Reached XP level 2. HP: 17/22 MP: 5/5
   351 | D:1      | Learned a level 2 spell: Blink
   354 | D:1      | Learned a level 2 spell: Shroud of Golubria
   412 | D:1      | Reached skill level 1 in Dodging
   819 | D:2      | Reached XP level 3. HP: 28/28 MP: 6/6
   868 | D:2      | Found a bloodstained altar of Trog.
   868 | D:2      | Found a basalt altar of Yredelemnul.
  1326 | D:3      | Gained mutation: You regenerate a little health from kills. [demonic ancestry]
  1326 | D:3      | Reached XP level 4. HP: 13/34 MP: 7/7
  1661 | D:3      | Reached skill level 3 in Fighting
  2322 | D:4      | Reached XP level 5. HP: 25/41 MP: 8/8
  2584 | D:4      | Found a blossoming altar of Fedhas.
  2871 | D:4      | Reached XP level 6. HP: 40/48 MP: 9/9
  2924 | D:4      | Found a white marble altar of Elyvilon.
  2924 | D:4      | Found a glowing golden altar of the Shining One.
  2924 | D:4      | Found a glowing silver altar of Zin.
  3007 | D:4      | Found a staircase to the Ecumenical Temple.
  3046 | Temple   | Entered the Ecumenical Temple
  3050 | Temple   | Became a worshipper of Gozag Ym Sagoz the Greedy
  3070 | D:4      | Got a pitted leather armour
  3220 | D:5      | Entered Level 5 of the Dungeon
  3268 | D:5      | Reached skill level 4 in Fighting
  3392 | D:5      | Identified the +2 leather armour of Ysuak {rPois rN+ Str+4} (You found it on level 4 of the Dungeon)
  3685 | D:5      | Noticed a sky beast
  3694 | D:5      | Killed a sky beast
  3694 | D:5      | Gained mutation: You regenerate health from kills. [demonic ancestry]
  3694 | D:5      | Reached XP level 7. HP: 55/55 MP: 10/10
  3809 | D:5      | Found a deep blue altar of Sif Muna.
  3974 | D:6      | Noticed Turtleman12345's ghost (novice DEWz)
  4693 | D:6      | Found a blossoming altar of Fedhas.
  4714 | D:6      | Reached skill level 5 in Fighting
  4958 | D:6      | Reached XP level 8. HP: 61/62 MP: 11/13
  5166 | D:6      | Killed Turtleman12345's ghost
  5332 | D:6      | Found an iron altar of Okawaru.
  5508 | D:8      | Found Orchurph's Distillery.
  5514 | D:8      | Bought a potion of invisibility for 96 gold pieces
  5514 | D:8      | Bought a potion of heal wounds for 60 gold pieces
  5514 | D:8      | Bought a potion of curing for 36 gold pieces
  5514 | D:8      | Bought a potion of degeneration for 12 gold pieces
  5514 | D:8      | Bought a potion of flight for 36 gold pieces
  5514 | D:8      | Bought a potion of mutation for 96 gold pieces
  5514 | D:8      | Bought a potion of lignification for 36 gold pieces
  5514 | D:8      | Bought a potion of curing for 36 gold pieces
  5514 | D:8      | Bought a potion of curing for 36 gold pieces
  5537 | D:8      | Noticed Psyche
  5566 | D:8      | Found Racwiuvi's Distillery.
  5572 | D:8      | Killed Psyche
  5572 | D:8      | Reached skill level 5 in Dodging
  5582 | D:8      | Found Orchur's Antique Weapon Emporium.
  5627 | D:8      | Reached skill level 6 in Fighting
  6044 | D:8      | Found Sokusoso's Jewellery Shoppe.
  6077 | D:8      | Bought a cursed ring of loudness for 54 gold pieces
  6143 | D:8      | Gained mutation: Your movements are slightly less encumbered by armour. (ER -2) [demonic ancestry]
  6143 | D:8      | Reached XP level 9. HP: 66/70 MP: 16/16
  6172 | D:8      | Noticed a two-headed ogre
  6182 | D:8      | Killed a two-headed ogre
  6182 | D:8      | Reached skill level 5 in Spellcasting
  6494 | D:8      | Reached skill level 7 in Fighting
  6494 | D:8      | Reached skill level 5 in Translocations
  6614 | D:8      | Bought a potion of haste for 160 gold pieces
  6693 | D:9      | Noticed a green ugly thing
  6694 | D:9      | Noticed Erolcha
  6962 | D:7      | Killed a green ugly thing
  7120 | D:9      | Killed Erolcha
  7120 | D:9      | Gained mutation: Your movements are less encumbered by armour. (ER -4) [demonic ancestry]
  7120 | D:9      | Reached XP level 10. HP: 35/80 MP: 19/19
  7294 | D:8      | Reached skill level 8 in Fighting
  7600 | D:9      | Noticed a two-headed ogre
  7694 | D:8      | Bought a steaming short sword for 208 gold pieces
  7696 | D:8      | Identified the +9 short sword of Kismet {flame, Fragile rPois Str-4 Dex+10} (You bought it in a shop on level 8 of the Dungeon)
  7723 | D:9      | Killed a two-headed ogre
  8155 | D:10     | Entered Level 10 of the Dungeon
  8684 | D:10     | Paralysed by a hornet for 3 turns
  8778 | D:10     | Noticed a cyan ugly thing
  8811 | D:10     | Killed a cyan ugly thing
  8811 | D:10     | Reached skill level 9 in Fighting
  9003 | D:10     | Noticed a two-headed ogre
  9006 | D:10     | Noticed Darkell's ghost (novice TeGl)
  9333 | D:10     | Noticed Joseph
  9342 | D:10     | Killed Joseph
  9342 | D:10     | Reached XP level 11. HP: 86/89 MP: 22/22
  9702 | D:10     | Killed a two-headed ogre
 10064 | D:11     | Noticed Grum
 10071 | D:11     | Killed Grum
 10155 | D:11     | Noticed a purple ugly thing
 10265 | D:10     | HP: 3/89 [Darkell's ghost (9)]
 10266 | D:10     | Slain by Darkell's ghost

Skill      XL: |  1  2  3  4  5  6  7  8  9 10 11 |
---------------+----------------------------------+-----
Armour         | 2 3 |  3.9
Dodging        | 1 2 3 4 5 7 8 |  8.7
Fighting       | 3 4 5 6 7 9 |  9.6
Translocations | 2 4 6 |  6.6
Spellcasting   | 3 4 6 7 8 |  8.1
Maces & Flails | |  1.0
Throwing       | |  1.0
Evocations     | |  1.0

Action                   |  1- 3 |  4- 6 |  7- 9 | 10-12 || total
-------------------------+-------+-------+-------+-------++-------
Melee: Mace              |    98 |   166 |   298 |    59 ||   621
       Short sword       |       |       |       |   216 ||   216
Throw: Tomahawk          |       |     1 |    15 |     1 ||    17
       Stone             |       |     1 |     1 |       ||     2
       Javelin           |       |       |       |     7 ||     7
 Cast: Blink             |       |     1 |     2 |       ||     3
Evoke: Wand              |       |     3 |    40 |    14 ||    57
  Use: Scroll            |       |    14 |     5 |     4 ||    23
       Potion            |       |       |     5 |     3 ||     8
 Stab: Invisible         |       |       |     4 |       ||     4
       Distracted        |       |       |       |     2 ||     2
       Confused          |       |       |       |     2 ||     2
       Sleeping          |       |       |       |     1 ||     1
  Eat: Chunk             |     1 |     6 |       |       ||     7
       Fruit             |       |     3 |       |       ||     3
       Royal jelly       |       |     1 |       |       ||     1
       Bread ration      |       |       |     3 |     2 ||     5
Armor: Ring mail         |     7 |       |       |       ||     7
       Scale mail        |    28 |    78 |       |       ||   106
       Leather armour    |       |    16 |   118 |    24 ||   158
Dodge: Dodged            |    62 |   120 |   276 |   276 ||   734
